 Dungeon Crawl Stone Soup version 0.23.2-33-g5129a83184 (webtiles) character file.

Game seed: 10428728543682005029

274 H0rd4k the Charlatan (level 6, -12/44 HPs)
             Began as a Human Artificer on July 31, 2019.
             Killed by nerve-wracking pain
             ... invoked by an orc priest
              (13 damage)
             ... on level 4 of the Dungeon.
             The game lasted 00:04:49 (3014 turns).

H0rd4k the Charlatan (Human Artificer)              Turns: 3014, Time: 00:04:50

Health: -12/44     AC:  4    Str: 14    XL:     6   Next: 49%
Magic:  9/9        EV: 13    Int: 11    God:
Gold:   127        SH:  0    Dex: 17    Spells: 5/5 levels left

rFire    . . .     SeeInvis .   a - +1 short sword
rCold    . . .     Gourm    .   (no shield)
rNeg     . . .     Faith    .   b - +1 leather armour
rPois    +         Spirit   .   (no helmet)
rElec    .         Reflect  .   (no cloak)
rCorr    .         Harm     .   (no gloves)
MR       .....                  (no boots)
Stlth    ++........             (no amulet)
HPRegen  0.14/turn              n - +3 ring of dexterity
MPRegen  0.11/turn              p - ring of poison resistance

@: no status effects
A: no striking features
a: no special abilities


You were on level 4 of the Dungeon.
You were not hungry.

You visited 1 branch of the dungeon, and saw 5 of its levels.

You collected 127 gold pieces.

Inventory:

Hand Weapons
 a - a +1 short sword (weapon)
Missiles
 h - 4 needles of confusion
 i - 5 tomahawks (quivered)
Armour
 b - a +1 leather armour (worn)
Jewellery
 n - a +3 ring of dexterity (left hand)
 p - a ring of poison resistance (right hand)
Wands
 c - a wand of flame (5)
 d - a wand of enslavement (15)
 t - a wand of paralysis (6)
Scrolls
 k - a scroll of teleportation
 l - 2 scrolls of magic mapping
 m - 2 scrolls of enchant armour
 o - 3 scrolls of identify
Potions
 e - a potion of might {unknown}
 g - a potion of flight {unknown}
 j - 3 potions of resistance
 q - a potion of mutation {unknown}
 r - 2 potions of lignification {unknown}
Comestibles
 f - 9 rations


   Skills:
 + Level 1.7 Fighting
 + Level 2.6 Short Blades
 + Level 2.1 Armour
 + Level 3.2 Dodging
 + Level 1.8 Stealth
 + Level 4.5 Evocations


You had 5 spell levels left.
You didn't know any spells.
Your spell library was empty.

Dungeon Overview and Level Annotations

Branches:
Dungeon (5/15)
 Temple: D:4-7

Altars:
Ru
Trog

Annotations:
D:3 exclusion: downstairs


Message History

You feel sick.
The crimson imp blinks!
There is a stone staircase leading up here.
The crimson imp blinks!
You climb upwards.
* * * LOW HITPOINT WARNING * * *
You feel sick. The orc closely misses you.
There is a stone staircase leading down here.
The orc hits you with a +0 trident.
* * * LOW HITPOINT WARNING * * *
The orc barely misses you.
You feel better.
The orc hits you from afar with a +0 trident.
* * * LOW HITPOINT WARNING * * *
The orc barely misses you.
The orc priest calls down the wrath of Beogh upon you.
Pain shoots through your body!
* * * LOW HITPOINT WARNING * * *
The orc priest calls down the wrath of Beogh upon you.
Pain shoots through your body!
You die...

##..#### ##.## #.........#
#..# #.# #.........# ##..#
#.# #.........# ....#
##'## ##......### ##.##
##...## ##.#...# ##.#
##.....## #.##### ##.##
##.......## #.#.##
....####.........###....##
.......'...>..o.@'.......#
#...####......o..##.....##
##.## ##.....o.###..#..#
...# ##.....## #..##.##
#..# ##...## #..#...# ...#
##'## #......# #.## #.#
#......# #.# #.# #####.##
#.# ### ##.## #.#


You could see an orc priest and 2 orcs.

Vanquished Creatures
  A scorpion (D:2)
  A hound (D:4)
  Jessica (D:2)
  2 worker ants
  4 gnolls (D:3)
  5 adders
  A dart slug (D:3)
  7 bats
  5 giant cockroaches
  4 goblins
  4 hobgoblins
  2 jackals (D:1)
  A ball python (D:4)
  2 frilled lizards
  3 kobolds
  A quokka skeleton (D:2)
  2 rats
46 creatures vanquished.

Notes
Turn   | Place    | Note
-------+----------+-------------------------------------------
     0 | D:1      | H0rd4k the Human Artificer began the quest for the Orb.
     0 | D:1      | Reached XP level 1. HP: 15/15 MP: 3/3
     2 | D:1      | Noticed a human
     2 | D:1      | Noticed a merfolk
     4 | D:1      | Noticed a gargoyle
     6 | D:1      | Noticed a felid
     6 | D:1      | Noticed a formicid
     8 | D:1      | Noticed a troll
     8 | D:1      | Noticed a vampire
    10 | D:1      | Noticed a centaur
    12 | D:1      | Noticed a demigod
    12 | D:1      | Noticed a naga
    14 | D:1      | Noticed a minotaur
    14 | D:1      | Noticed an ogre
    16 | D:1      | Noticed a draconian
    16 | D:1      | Noticed a vine stalker
    18 | D:1      | Noticed a demonspawn
    20 | D:1      | Noticed an octopode
    20 | D:1      | Noticed a halfling
    22 | D:1      | Noticed an elf
    22 | D:1      | Noticed a spriggan
    24 | D:1      | Noticed a dwarf
    24 | D:1      | Noticed a ghoul
    26 | D:1      | Noticed a tengu
   145 | D:1      | Reached XP level 2. HP: 18/21 MP: 4/4
   621 | D:2      | Reached XP level 3. HP: 11/26 MP: 5/5
   798 | D:2      | Noticed a scorpion
   813 | D:2      | Killed a scorpion
   813 | D:2      | Reached skill level 4 in Evocations
   813 | D:2      | Reached XP level 4. HP: 32/32 MP: 5/7
   839 | D:2      | Noticed Jessica
   847 | D:2      | Killed Jessica
   847 | D:2      | Reached XP level 5. HP: 37/37 MP: 8/8
   945 | D:2      | Reached skill level 1 in Armour
  1067 | D:2      | Found a sacrificial altar of Ru.
  1605 | D:3      | Found a faded altar of an unknown god.
  1841 | D:3      | Reached XP level 6. HP: 28/43 MP: 9/9
  2008 | D:3      | Found a bloodstained altar of Trog.
  2429 | D:4      | Noticed a phantom
  2719 | D:4      | Noticed a phantom
  2943 | D:5      | Entered Level 5 of the Dungeon
  3009 | D:4      | HP: 1/44 [orc/+0 trident (2)]
  3014 | D:4      | Killed from afar by an orc priest

Skill      XL: |  1  2  3  4  5  6 |
---------------+-------------------+-----
Evocations     | 4 |  4.5
Armour         | 1 2 |  2.1
Dodging        | 3 |  3.2
Short Blades   | 2 |  2.6
Fighting       | |  1.7
Stealth        | |  1.8

Action                   |  1- 3 |  4- 6 || total
-------------------------+-------+-------++-------
Melee: Short sword       |    57 |   139 ||   196
Evoke: Wand              |     7 |    18 ||    25
  Use: Potion            |     1 |     1 ||     2
       Scroll            |       |     8 ||     8
 Stab: Paralysed         |       |     2 ||     2
       Sleeping          |       |     4 ||     4
  Eat: Chunk             |       |     4 ||     4
       Ration            |       |     1 ||     1
Armor: Leather armour    |    18 |    28 ||    46
Dodge: Dodged            |    49 |   104 ||   153
